 Dungeon Sprint DCSS version 0.14-a0-519-g334afa2 (webtiles) character file.

405947 MDvedh the Minotaur Barricade (level 20, -3/207 (209) HPs)
             Began as a Minotaur Berserker on Nov 2, 2013.
             Was the Champion of the Shining One.
             Killed by divine providence
             ... invoked by a sphinx
              (15 damage)
             ... while paralysed by a sphinx
             ... in the Dungeon (Sprint IX: "|||||||||||||||||||||||||||||").
             The game lasted 00:59:24 (16110 turns).

MDvedh the Minotaur Barricade (Minotaur Berserker) Turns: 16110, Time: 00:59:24

HP  -3/207 (209) AC 33     Str 29      XL: 20   Next: 71%
MP  51/51        EV  2     Int  4      God: the Shining One [******]
Gold 1377        SH  0     Dex 16      Spells:  0 memorised, 67 levels left

Res.Fire  : + + +   See Invis. : .   M - +9,+8 Blessed Scourge
Res.Cold  : + + .   Warding    : .   P - +6 gold dragon armour
Life Prot.: + + +   Conserve   : .   H - +5 large shield
Res.Poison: +       Res.Corr.  : .   b - +2 hat of the Alchemist {rElec rF+ rC+ MR+}
Res.Elec. : +       Clarity    : .   A - +0 cloak {MR+}
Sust.Abil.: . .     Spirit.Shd : .   y - -2 pair of gloves
Res.Mut.  : .       Prev.Telep.: +   l - +0 pair of boots of a ziggurat {Acc+3 Dam+4}
Res.Rott. : .       Flight     : .   n - amulet of rage
Saprovore : . . .                    J - +5 ring of evasion
                                     v - ring of Chepanke {rF+ MP+9 Dex+4}

@: paralysed, glowing, extremely resistant to hostile enchantments, extremely
unstealthy
A: retaliatory headbutt, horns 2, deformed body
a: Divine Shield, Cleansing Flame, Summon Divine Warrior, Renounce Religion,
Evoke Berserk Rage
}: 6/15 runes: decaying, serpentine, barnacled, slimy, silver, gossamer


You were in the Dungeon.
You worshipped the Shining One. the Shining One was exalted by your worship.
You were not hungry.

You visited 1 branch You collected 1954 gold pieces.
You spent 577 gold pieces at shops.

Inventory:

Hand weapons
 M - a +9,+8 Blessed Scourge (weapon)
Armour
 b - the +2 hat of the Alchemist (worn) {rElec rF+ rC+ MR+}
   (You found it in the Dungeon)

   It protects you from fire.
   It protects you from cold.
   It insulates you from electricity.
   It affects your resistance to hostile enchantments.
 l - the +0 pair of boots of a ziggurat (worn) {Acc+3 Dam+4}
   (You found it in the Dungeon)

   It affects your accuracy (+3).
   It affects your damage-dealing abilities (+4).
 y - a -2 pair of gloves (worn)
 A - a +0 cloak of magic resistance (worn)
 H - a +5 large shield (worn)
 P - a +6 gold dragon armour (worn)
Magical devices
 V - a wand of hasting (4)
Comestibles
 s - 40 strawberries
 w - 9 meat rations
Scrolls
 k - a scroll of remove curse
 m - 2 scrolls of amnesia
 t - a scroll of fear
Jewellery
 n - an amulet of rage (around neck)
 p - the ring of Ghomnou {Contam +Blink SInv Stlth++}
   (You found it in the Dungeon)

   [ring of see invisible]

   It lets you blink.
   It causes magical contamination when unequipped.
   It makes you much more stealthy.
 u - an uncursed ring of protection from cold
 v - the ring of Chepanke (left hand) {rF+ MP+9 Dex+4}
   (You took it off a hell knight in the Dungeon)

   [ring of magical power]

   It affects your dexterity (+4).
   It protects you from fire.
 z - the ring of Symmetry {Str+4 Int+3}
   (You found it in the Dungeon)

   [ring of intelligence]

   It affects your intelligence (+3).
   It affects your strength (+4).
 B - a +6 ring of strength
 C - an uncursed ring of protection from fire
 G - the ring "Xuewo" {Hunger- rC+}
   (You found it in the Dungeon)

   [ring of sustenance]

   It protects you from cold.
 I - a +4 ring of evasion
 J - a +5 ring of evasion (right hand)
 K - an uncursed ring of regeneration
 L - an uncursed ring of fire
 N - the ring "Zetypiro" {rPois rF+}
   (You found it in the Dungeon)

   [ring of poison resistance]

   It protects you from fire.
 O - the amulet "Bycuaq" {Contam +Rage}
   (You found it in the Dungeon)

   [amulet of rage]

   It causes magical contamination when unequipped.
Potions
 d - 2 potions of curing
 e - 9 potions of heal wounds
 g - 3 potions of magic
 h - 2 potions of berserk rage
 o - a potion of might


   Skills:
 O Level 27 Fighting
   Level 4.8 Axes
 O Level 27 Maces & Flails
 O Level 27 Armour
 O Level 27 Dodging
 O Level 27 Shields
 + Level 24.3 Spellcasting
 O Level 27 Invocations
 O Level 27 Evocations


You had 67 spell levels left.
You didn't know any spells.

Dungeon Overview and Level Annotations

Branches:
Dungeon (1/1)

Altars:
Ashenzari
Cheibriados
Elyvilon
Fedhas
Kikubaaqudgha
Makhleb
Nemelex Xobeh
Okawaru
Sif Muna
Trog
Vehumet
Xom
Yredelemnul
Zin
the Shining One

Shops:
D +??!


Innate Abilities, Weirdness & Mutations

You reflexively headbutt those who attack you in melee.
You have a pair of horns on your head.
Armour fits poorly on your strangely shaped body.


Message History

A sphinx comes into view.
The sphinx hits you. The sphinx hits you! The sphinx hits you.
The sphinx casts a spell.
Something smites you!
* * * LOW HITPOINT WARNING * * *
The sphinx hits you but does no damage. The sphinx barely misses you.
The sphinx mumbles some strange words.
Something smites you!
* * * LOW HITPOINT WARNING * * *
The sphinx hits you!
* * * LOW HITPOINT WARNING * * *
The sphinx hits you but does no damage. The sphinx hits you.
* * * LOW HITPOINT WARNING * * *
The sphinx mumbles some strange words.
Something smites you!
* * * LOW HITPOINT WARNING * * *
The sphinx mumbles some strange words.
Something smites you!
You die...

*,*,#H#.#.#.#.#.#)#.#.
*,*,#.#.#.#.#.#.#.#.#.
*,*,#H#.#.#.#.#.#.#.#.
*,* #H#.#.#.#.#.#.#.#.
,*,#H#.#.#.#'#.#.#.#.
*,* #H#.#.#.#.#.#)#.#.
*, ,#H#.#.#.#.#.#(#.#'
*,*,#H#.#.#.#.#.#(#.#.
*,*,#@#.#.#.#.#.#.#.#.
*, ,#.#.#)#.#.#.#)#.#.
*,*,#.#.#'#.#.#.#)#.#.
*,*,#.#.#)#.#.#.#)#.#.
* *,#.#.#.#.#.#.#.#.#.
*,,,#...#...#...#(..#.
****##################


You could see 7 sphinxes.

Vanquished Creatures
  the royal jelly (D)
  4 ancient liches (D)
  5 orbs of fire (D)
  Boris (D)
  Margery (D)
  Norris (D)
  Mara (D)
  A Killer Klown (D)
  Mennas (D)
  A golden dragon (D)
  Jory (D)
  5 electric golems (D)
  Xtahua (D)
  Frederick (D)
  A bone dragon (D)
  An Ice Fiend (D)
  4 tentacled monstrosities (D)
  2 deep elf blademasters (D)
  A titan (D)
  26 Orb Guardians (D)
  6 acid blobs (D)
  2 sphinxes (D)
  A deep elf master archer (D)
  5 storm dragons (D)
  A tengu reaver (D)
  3 liches (D)
  7 shadow dragons (D)
  A fire giant (D)
  2 frost giants (D)
  3 draconian knights (D)
  A draconian scorcher (D)
  3 vault wardens (D)
  8 azure jellies (D)
  4 draconian annihilators (D)
  8 greater nagas (D)
  Louise (D)
  A draconian shifter (D)
  8 vampire knights (D)
  7 stone giants (D)
  A grey draconian (D)
  3 emperor scorpions (D)
  2 green draconians (D)
  3 ghost moths (D)
  3 deep elf annihilators (D)
  A deep elf demonologist (D)
  4 white draconians (D)
  2 black draconians (D)
  A pale draconian (D)
  2 ettins (D)
  4 red draconians (D)
  2 mottled draconians (D)
  2 purple draconians (D)
  A merfolk javelineer (D)
  4 merfolk impalers (D)
  25 vault guards (D)
  A deep elf death mage (D)
  4 yaktaur captains (D)
  3 dragons (D)
  10 death oozes (D)
  A siren (D)
  2 ogre magi (D)
  3 deep elf high priests (D)
  7 hydras (D)
  4 ice dragons (D)
  A human zombie (D)
  Erica (D)
  An alligator (D)
  2 hell knights (D)
  2 naga warriors (D)
  Urug (D)
  4 centaur warriors (D)
  6 deep trolls (D)
  6 swamp dragons (D)
  8 hill giants (D)
  A sea snake (D)
  A necromancer (D)
  2 unseen horrors (D)
  3 ironbrand convokers (D)
  A wolf spider (shapeshifter) (D)
  9 moths of wrath (D)
  A cyclops (D)
  A giant amoeba (D)
  2 phantasmal warriors (D)
  A sixfirhy (D)
  Maurice (D)
  An orange demon (D)
  3 wolf spiders (D)
  4 orc knights (D)
  5 elephants (D)
  2 guardian serpents (D)
  3 spiny frogs (D)
  10 spriggans (D)
  An orb spider (D)
  3 trolls (D)
  2 two-headed ogres (D)
  2 jumping spiders (D)
  A small abomination (D)
  A moth of wrath zombie (D)
  3 grizzly bears (D)
  A bog body (D)
  2 slime creatures (D)
  A redback (D)
  A wraith (D)
  2 yaktaurs (D)
  3 trapdoor spiders (D)
  2 tarantellas (D)
  A giant leech (D)
  An elephant slug (D)
  An ugly thing (D)
  A boulder beetle (D)
  Eustachio (D)
  2 golden eyes (D)
  Grum (D)
  2 yaks (D)
  A hungry ghost (D)
  A deep elf fighter (D)
  2 hippogriffs (D)
  3 wolves (D)
  A manticore (D)
  A swamp drake (D)
  4 merfolk (D)
  2 porcupines (D)
  An ogre (D)
  A naga (D)
  A black bear (D)
  6 orc warriors (D)
  A big kobold (D)
  A crocodile (D)
  3 giant frogs (D)
  5 water moccasins (D)
  An insubstantial wisp (D)
  2 agate snails (D)
  2 giant slugs (D)
  A hound (D)
  A jelly (D)
  4 orc wizards (D)
  2 orc priests (D)
  A worker ant (D)
  A sheep (D)
  3 adders (D)
  A giant mite (D)
  A worm (D)
  2 adder skeletons (D)
  A giant eyeball (D)
  2 orcs (D)
  3 bats (D)
  A bat skeleton (D)
  A giant cockroach (D)
  2 goblins (D)
  A hobgoblin (D)
  2 jackals (D)
  A quokka (D)
  A giant newt (D)
  A giant newt skeleton (D)
  A goblin skeleton (D)
  A goblin zombie (D)
  A hobgoblin skeleton (D)
  A jackal zombie (D)
  2 kobolds (D)
  A rat (D)
  2 crawling corpses (D)
  2 fungi (D)
  2 plants (D)
430 creatures vanquished.

Vanquished Creatures (collateral kills)
  A golden dragon (D)
  Nikola (D)
  A tentacled monstrosity (D)
  A deep elf master archer (D)
  A shadow dragon (D)
  A deep elf sorcerer (D)
  2 emperor scorpions (D)
  2 stone giants (D)
  A ghost moth (D)
  A dire elephant (D)
  A merfolk javelineer (D)
  A dragon (D)
  A siren (D)
  An ironheart preserver (D)
  A hydra (D)
  A merfolk aquamancer (D)
  A naga warrior (D)
  An iron troll (D)
  2 ironbrand convokers (D)
  2 hill giants (D)
  4 orc knights (D)
  2 wolf spiders (D)
  A guardian serpent (D)
  2 elephants (D)
  A demonic crawler (D)
  A yaktaur (D)
  A guardian mummy (D)
  A spriggan (D)
  A redback (D)
  A yak (D)
  6 orc warriors (D)
  2 nagas (D)
  An orc priest (D)
  3 orc wizards (D)
  An orc (D)
  A giant gecko skeleton (D)
  A goblin skeleton (D)
54 creatures vanquished.

Vanquished Creatures (others)
  Ilsuiw (D)
  2 stone giants (D)
  A deep elf high priest (D)
  An ogre mage (D)
  2 iron trolls (D)
  A spatial maelstrom (D)
  3 hill giants (D)
  An orb spider (D)
  5 trolls (D)
  2 two-headed ogres (D)
  A merfolk (D)
  3 ogres (D)
23 creatures vanquished.

Grand Total: 507 creatures vanquished

Notes
Turn   | Place    | Note
--------------------------------------------------------------
     0 | D        | MDvedh, the Minotaur Berserker, began the quest for the Orb.
     0 | D        | Reached XP level 1. HP: 19/19 MP: 0/0
     8 | D        | Banished a spatial maelstrom
     9 | D        | Reached skill level 4 in Maces & Flails
    14 | D        | Acquired Trog's second power
    14 | D        | Reached skill level 5 in Maces & Flails
    39 | D        | Reached skill level 6 in Maces & Flails
    39 | D        | Reached XP level 2. HP: 26/26 MP: 0/0
    44 | D        | Acquired Trog's third power
    67 | D        | Found a basalt altar of Yredelemnul.
    67 | D        | Found a shattered altar of Ashenzari.
    67 | D        | Found an iron altar of Okawaru.
    67 | D        | Found a shimmering altar of Xom.
    67 | D        | Found a blossoming altar of Fedhas.
    67 | D        | Found a radiant altar of Vehumet.
    67 | D        | Found a bloodstained altar of Trog.
    68 | D        | Found a burning altar of Makhleb.
    69 | D        | Found a radiant altar of Vehumet.
    70 | D        | Found a snail-covered altar of Cheibriados.
    71 | D        | Found a sparkling altar of Nemelex Xobeh.
    72 | D        | Found an ancient bone altar of Kikubaaqudgha.
    73 | D        | Found a bloodstained altar of Trog.
    74 | D        | Found a glowing golden altar of the Shining One.
    75 | D        | Found a glowing silver altar of Zin.
    76 | D        | Found a deep blue altar of Sif Muna.
    77 | D        | Found a white marble altar of Elyvilon.
   127 | D        | Noticed a hill giant
   127 | D        | Noticed a yak
   127 | D        | Noticed a worker ant
   127 | D        | Noticed a hungry ghost
   127 | D        | Noticed an orc wizard
   127 | D        | Noticed a big kobold
   131 | D        | Killed a big kobold
   131 | D        | Reached skill level 10 in Maces & Flails
   131 | D        | Reached XP level 3. HP: 33/33 MP: 1/1
   131 | D        | Reached XP level 4. HP: 39/39 MP: 1/1
   132 | D        | Killed an orc wizard
   132 | D        | Received a gift from Trog
   132 | D        | Reached skill level 11 in Maces & Flails
   136 | D        | Killed a hungry ghost
   136 | D        | Reached skill level 14 in Maces & Flails
   136 | D        | Reached XP level 5. HP: 46/46 MP: 1/1
   138 | D        | Killed a worker ant
   146 | D        | Killed a yak
   146 | D        | Reached skill level 16 in Maces & Flails
   146 | D        | Reached XP level 6. HP: 36/52 MP: 2/2
   150 | D        | Killed a hill giant
   150 | D        | Reached skill level 17 in Maces & Flails
   150 | D        | Reached XP level 7. HP: 41/59 MP: 2/2
   236 | D        | Noticed a hippogriff
   236 | D        | Noticed a water moccasin
   236 | D        | Noticed a hound
   236 | D        | Noticed an ogre
   241 | D        | Killed an unseen horror
   241 | D        | Reached skill level 19 in Maces & Flails
   241 | D        | Reached XP level 8. HP: 66/66 MP: 2/2
   245 | D        | Killed an ogre
   248 | D        | Killed a hound
   249 | D        | Killed a water moccasin
   249 | D        | Reached skill level 5 in Fighting
   255 | D        | Killed a hippogriff
   255 | D        | Reached skill level 5 in Armour
   278 | D        | Received a gift from Trog
   333 | D        | Noticed a wolf
   339 | D        | Killed a wolf
   340 | D        | Noticed a wolf
   341 | D        | Noticed Grum
   345 | D        | Noticed a wolf
   348 | D        | Killed a wolf
   354 | D        | Killed Grum
   357 | D        | Killed a wolf
   546 | D        | Noticed a porcupine
   546 | D        | Noticed a water moccasin
   546 | D        | Noticed a spiny frog
   546 | D        | Noticed a spiny frog
   548 | D        | Noticed a four-headed hydra
   549 | D        | Killed a spiny frog
   549 | D        | Reached XP level 9. HP: 80/80 MP: 1/3
   552 | D        | Noticed a porcupine
   554 | D        | Killed a spiny frog
   554 | D        | Reached skill level 10 in Fighting
   554 | D        | Reached skill level 10 in Armour
   557 | D        | Killed a water moccasin
   559 | D        | Killed a porcupine
   559 | D        | Received a gift from Trog
   570 | D        | Killed a four-headed hydra
   573 | D        | Killed a porcupine
   619 | D        | Received a gift from Trog
   763 | D        | Noticed a giant frog
   763 | D        | Noticed an agate snail
   763 | D        | Noticed an agate snail
   763 | D        | Noticed an elephant slug
   763 | D        | Noticed a spiny frog
   763 | D        | Noticed a crocodile
   769 | D        | Killed a crocodile
   774 | D        | Killed a spiny frog
   779 | D        | Killed an elephant slug
   779 | D        | Reached XP level 10. HP: 92/92 MP: 1/3
   788 | D        | Killed an agate snail
   793 | D        | Killed an agate snail
   793 | D        | Received a gift from Trog
   795 | D        | Killed a giant frog
   805 | D        | Received a gift from Trog
   960 | D        | Noticed an elephant
   960 | D        | Noticed an elephant
   960 | D        | Noticed an elephant
   960 | D        | Noticed an elephant
   960 | D        | Noticed an elephant
   960 | D        | Noticed an elephant
   960 | D        | Noticed an elephant
   966 | D        | Killed an elephant
   969 | D        | Killed an elephant
   970 | D        | Noticed a dire elephant
   974 | D        | Killed an elephant
   974 | D        | Reached skill level 5 in Dodging
   980 | D        | Killed an elephant
   980 | D        | Received a gift from Trog
   984 | D        | Killed an elephant
   995 | D        | Killed a dire elephant
   995 | D        | Reached skill level 15 in Fighting
   996 | D        | Killed an elephant
   997 | D        | Killed an elephant
   997 | D        | Reached skill level 15 in Armour
  1002 | D        | Received a gift from Trog
  1340 | D        | Noticed Maurice
  1352 | D        | Killed Maurice
  1390 | D        | Noticed Eustachio
  1397 | D        | Killed Eustachio
  1446 | D        | Noticed an orc priest
  1446 | D        | Noticed an orc priest
  1446 | D        | Noticed an orc wizard
  1446 | D        | Noticed an orc wizard
  1446 | D        | Noticed an orc wizard
  1448 | D        | Noticed an orc wizard
  1449 | D        | Killed an orc wizard
  1450 | D        | Noticed an orc wizard
  1450 | D        | Killed an orc wizard
  1450 | D        | Received a gift from Trog
  1451 | D        | Noticed an orc priest
  1453 | D        | Noticed an orc warrior
  1455 | D        | Killed an orc wizard
  1456 | D        | Noticed an orc warrior
  1462 | D        | Killed an orc priest
  1465 | D        | Noticed an orc wizard
  1465 | D        | Killed an orc priest
  1468 | D        | Killed an orc wizard
  1472 | D        | Killed an orc warrior
  1472 | D        | Received a gift from Trog
  1473 | D        | Killed an orc warrior
  1475 | D        | Killed an orc wizard
  1475 | D        | Killed an orc priest
  1477 | D        | Killed an orc wizard
  1495 | D        | Got an ancient executioner's axe {god gift}
  1496 | D        | Identified the -4,+1 executioner's axe "Nipo" {drain, +Inv rN+ MR++} (Trog gifted it to you in the Dungeon)
  1496 | D        | Identified the -4,+1 executioner's axe "Nipo" {drain, +Inv rN+ MR++} (Trog gifted it to you in the Dungeon)
  1514 | D        | Received a gift from Trog
  1717 | D        | Noticed an orc warrior
  1717 | D        | Noticed an orc warrior
  1717 | D        | Noticed an orc warrior
  1717 | D        | Noticed an orc warrior
  1717 | D        | Noticed an orc warrior
  1717 | D        | Noticed an orc warrior
  1720 | D        | Killed an orc warrior
  1720 | D        | Reached skill level 1 in Axes
  1720 | D        | Reached XP level 11. HP: 103/103 MP: 3/3
  1721 | D        | Noticed an orc warrior
  1722 | D        | Noticed an orc warrior
  1725 | D        | Killed an orc warrior
  1726 | D        | Noticed an orc warrior
  1728 | D        | Killed an orc warrior
  1729 | D        | Noticed an orc knight
  1733 | D        | Killed an orc warrior
  1734 | D        | Noticed an orc warrior
  1736 | D        | Killed an orc warrior
  1741 | D        | Killed an orc warrior
  1741 | D        | Received a gift from Trog
  1743 | D        | Killed an orc warrior
  1744 | D        | Killed an orc warrior
  1746 | D        | Killed an orc knight
  1747 | D        | Killed an orc warrior
  1748 | D        | Killed an orc warrior
  1767 | D        | Received a gift from Trog
  1856 | D        | Found Phadi's Distillery.
  1856 | D        | Noticed a hill giant
  1856 | D        | Noticed a troll
  1856 | D        | Noticed a deep troll
  1856 | D        | Noticed a hill giant
  1856 | D        | Noticed a deep troll
  1856 | D        | Noticed a troll
  1858 | D        | Noticed a hill giant
  1863 | D        | Killed a troll
  1868 | D        | Killed a deep troll
  1871 | D        | Killed a hill giant
  1872 | D        | Found Ziecaun's Magic Scroll Shop.
  1872 | D        | Noticed a hill giant
  1875 | D        | Killed a deep troll
  1875 | D        | Received a gift from Trog
  1875 | D        | Reached skill level 10 in Dodging
  1878 | D        | Killed a troll
  1881 | D        | Killed a hill giant
  1884 | D        | Killed a hill giant
  1886 | D        | Killed a hill giant
  1926 | D        | Received a gift from Trog
  1929 | D        | Found Magosipi's Magic Scroll Boutique.
  1935 | D        | Found Xorhoopn's Book Shop.
  1937 | D        | Noticed a troll
  1938 | D        | Noticed a deep troll
  1938 | D        | Noticed a hill giant
  1940 | D        | Noticed an ogre mage
  1941 | D        | Noticed a stone giant
  1944 | D        | Killed a troll
  1949 | D        | Killed a deep troll
  1954 | D        | Killed a hill giant
  1956 | D        | Killed an ogre mage
  1960 | D        | Killed a stone giant
  2014 | D        | Received a gift from Trog
  2174 | D        | Bought a potion of might for 35 gold pieces
  2174 | D        | Bought a potion of might for 35 gold pieces
  2174 | D        | Bought 2 potions of might for 70 gold pieces
  2174 | D        | Bought a potion of speed for 77 gold pieces
  2177 | D        | Bought a scroll of enchant armour for 60 gold pieces
  2177 | D        | Bought a scroll of enchant armour for 60 gold pieces
  2180 | D        | Bought a scroll of brand weapon for 240 gold pieces
  2239 | D        | Noticed Erica
  2246 | D        | Killed Erica
  2462 | D        | Noticed a yak
  2462 | D        | Noticed a jelly
  2462 | D        | Noticed a giant frog
  2462 | D        | Noticed a giant frog
  2462 | D        | Noticed a yaktaur
  2462 | D        | Noticed a yak
  2464 | D        | Killed a yak
  2465 | D        | Noticed a cyan ugly thing
  2465 | D        | Noticed a slime creature
  2471 | D        | Killed a yaktaur
  2473 | D        | Killed a giant frog
  2473 | D        | Received a gift from Trog
  2475 | D        | Noticed an ogre mage
  2479 | D        | Killed a giant frog
  2479 | D        | Reached XP level 12. HP: 111/116 MP: 4/4
  2480 | D        | Noticed an orc knight
  2483 | D        | Killed a jelly
  2484 | D        | Noticed a centaur warrior
  2489 | D        | Killed a yak
  2492 | D        | Killed a cyan ugly thing
  2494 | D        | Killed a slime creature
  2499 | D        | Killed an unseen horror
  2502 | D        | Killed an ogre mage
  2502 | D        | Received a gift from Trog
  2508 | D        | Killed an orc knight
  2514 | D        | Killed a centaur warrior
  2560 | D        | Noticed a centaur warrior
  2571 | D        | Killed a centaur warrior
  2777 | D        | Noticed a naga
  2777 | D        | Noticed a water moccasin
  2777 | D        | Noticed a water moccasin
  2777 | D        | Noticed a greater naga
  2777 | D        | Noticed a guardian serpent
  2777 | D        | Noticed a water moccasin
  2779 | D        | Killed a guardian serpent
  2782 | D        | Killed a water moccasin
  2789 | D        | Killed a greater naga
  2789 | D        | Received a gift from Trog
  2789 | D        | Reached skill level 20 in Maces & Flails
  2791 | D        | Killed a water moccasin
  2792 | D        | Noticed a naga warrior
  2793 | D        | Killed a water moccasin
  2798 | D        | Killed a naga
  2801 | D        | Received a gift from Trog
  2808 | D        | Killed a naga warrior
  2818 | D        | Received a gift from Trog
  2874 | D        | Noticed a tarantella
  2874 | D        | Noticed a tarantella
  2874 | D        | Noticed an orb spider
  2874 | D        | Noticed a jumping spider
  2879 | D        | Killed a jumping spider
  2880 | D        | Noticed an orb spider
  2881 | D        | Noticed a wolf spider
  2882 | D        | Noticed a trapdoor spider
  2882 | D        | Killed a trapdoor spider
  2884 | D        | Killed a tarantella
  2887 | D        | Killed a tarantella
  2889 | D        | Noticed a trapdoor spider
  2889 | D        | Killed a trapdoor spider
  2893 | D        | Killed a wolf spider
  2895 | D        | Noticed a trapdoor spider
  2896 | D        | Killed a trapdoor spider
  2898 | D        | Killed an orb spider
  2900 | D        | Killed an orb spider
  2905 | D        | Received a gift from Trog
  2925 | D        | Noticed a hippogriff
  2925 | D        | Noticed a sea snake
  2925 | D        | Noticed a manticore
  2925 | D        | Noticed a merfolk
  2925 | D        | Noticed a merfolk
  2929 | D        | Killed a merfolk
  2933 | D        | Killed a merfolk
  2936 | D        | Killed a manticore
  2939 | D        | Killed a sea snake
  2941 | D        | Killed a hippogriff
  2941 | D        | Received a gift from Trog
  2989 | D        | Noticed a giant amoeba
  2989 | D        | Noticed an alligator
  2989 | D        | Noticed a bog body
  2989 | D        | Noticed a giant leech
  2990 | D        | Noticed an insubstantial wisp
  2995 | D        | Killed a giant leech
  2995 | D        | Received a gift from Trog
  2999 | D        | Killed a bog body
  3002 | D        | Killed an alligator
  3005 | D        | Killed a giant amoeba
  3015 | D        | Killed an insubstantial wisp
  3082 | D        | Noticed Urug
  3092 | D        | Killed Urug
  3095 | D        | Received a gift from Trog
  3165 | D        | Noticed a deep troll
  3165 | D        | Noticed a yaktaur captain
  3165 | D        | Noticed a cyclops
  3165 | D        | Noticed a centaur warrior
  3165 | D        | Noticed a yaktaur captain
  3165 | D        | Noticed a deep elf fighter
  3169 | D        | Noticed a stone giant
  3171 | D        | Killed a deep elf fighter
  3172 | D        | Noticed a boulder beetle
  3175 | D        | Killed a yaktaur captain
  3175 | D        | Reached skill level 15 in Dodging
  3176 | D        | Noticed a deep troll
  3179 | D        | Killed a centaur warrior
  3179 | D        | Reached skill level 21 in Maces & Flails
  3180 | D        | Noticed an orc knight
  3182 | D        | Noticed an orc knight
  3185 | D        | Killed a cyclops
  3185 | D        | Reached XP level 13. HP: 127/127 MP: 4/4
  3186 | D        | Noticed an ice dragon
  3188 | D        | Killed a yaktaur captain
  3188 | D        | Received a gift from Trog
  3189 | D        | Noticed a giant slug
  3194 | D        | Killed a deep troll
  3198 | D        | Killed a stone giant
  3199 | D        | Noticed a slime creature
  3204 | D        | Killed a boulder beetle
  3209 | D        | Killed a deep troll
  3212 | D        | Killed an orc knight
  3218 | D        | Killed an orc knight
  3223 | D        | Killed an ice dragon
  3223 | D        | Received a gift from Trog
  3226 | D        | Killed a giant slug
  3229 | D        | Killed a slime creature
  3230 | D        | Noticed an orc knight
  3232 | D        | Noticed a five-headed hydra
  3236 | D        | Killed an orc knight
  3237 | D        | Noticed a yaktaur
  3238 | D        | Killed a seven-headed hydra
  3239 | D        | Killed a yaktaur
  3278 | D        | Received a gift from Trog
  3413 | D        | Noticed a wraith
  3413 | D        | Noticed a centaur warrior
  3413 | D        | Noticed a wolf spider
  3413 | D        | Noticed a yaktaur
  3413 | D        | Noticed a vault warden
  3417 | D        | Killed a vault warden
  3418 | D        | Noticed a wolf spider
  3420 | D        | Killed a yaktaur
  3422 | D        | Noticed an orc knight
  3423 | D        | Noticed an orc knight
  3423 | D        | Killed a wolf spider
  3428 | D        | Noticed a stone giant
  3428 | D        | Killed a centaur warrior
  3434 | D        | Killed a wraith
  3435 | D        | Noticed an ironheart preserver
  3435 | D        | Killed a wolf spider
  3435 | D        | Received a gift from Trog
  3442 | D        | Killed an orc knight
  3443 | D        | Killed an orc knight
  3446 | D        | Killed an ironheart preserver
  3447 | D        | Killed a stone giant
  3467 | D        | Noticed a stone giant
  3477 | D        | Killed a stone giant
  3484 | D        | Noticed a dragon
  3489 | D        | Killed a dragon
  3489 | D        | Reached skill level 22 in Maces & Flails
  3712 | D        | Noticed an orc knight
  3713 | D        | Noticed an ogre mage
  3714 | D        | Noticed a stone giant
  3715 | D        | Noticed an ironbrand convoker
  3720 | D        | Killed an orc knight
  3723 | D        | Killed an ogre mage
  3727 | D        | Killed a stone giant
  3728 | D        | Killed an ironbrand convoker
  3728 | D        | Received a gift from Trog
  3781 | D        | Noticed Norris
  3800 | D        | Killed Norris
  3989 | D        | Got the +0 pair of boots of a ziggurat {Acc+3 Dam+4}
  4055 | D        | Noticed Mara
  4055 | D        | Noticed Nikola
  4063 | D        | Killed Nikola
  4067 | D        | Noticed MDvedh's illusion
  4070 | D        | Killed Mara
  4070 | D        | Reached XP level 14. HP: 140/140 MP: 4/4
  4190 | D        | Noticed a greater naga
  4190 | D        | Noticed a naga warrior
  4190 | D        | Noticed a greater naga
  4190 | D        | Noticed a greater naga
  4190 | D        | Noticed a greater naga
  4190 | D        | Noticed a greater naga
  4190 | D        | Noticed a greater naga
  4192 | D        | Noticed a guardian serpent
  4194 | D        | Killed a greater naga
  4194 | D        | Received a gift from Trog
  4194 | D        | Reached skill level 23 in Maces & Flails
  4195 | D        | Noticed a greater naga
  4197 | D        | Killed a greater naga
  4199 | D        | Killed a greater naga
  4202 | D        | Killed a greater naga
  4202 | D        | Received a gift from Trog
  4203 | D        | Noticed a naga warrior
  4206 | D        | Killed a greater naga
  4207 | D        | Noticed a naga
  4209 | D        | Killed a greater naga
  4210 | D        | Noticed a naga
  4212 | D        | Noticed a guardian serpent
  4212 | D        | Killed a naga warrior
  4213 | D        | Killed a guardian serpent
  4213 | D        | Received a gift from Trog
  4226 | D        | Killed a naga warrior
  4227 | D        | Killed a naga
  4228 | D        | Killed a naga
  4229 | D        | Killed a guardian serpent
  4262 | D        | Received a gift from Trog
  4398 | D        | Got a serpentine rune of Zot
  4747 | D        | Noticed an emperor scorpion
  4747 | D        | Noticed an emperor scorpion
  4747 | D        | Noticed an emperor scorpion
  4754 | D        | Killed a ghost moth
  4755 | D        | Noticed a demonic crawler
  4756 | D        | Noticed an emperor scorpion
  4758 | D        | Killed a ghost moth
  4759 | D        | Noticed a wolf spider
  4765 | D        | Killed an emperor scorpion
  4766 | D        | Noticed an emperor scorpion
  4766 | D        | Killed a ghost moth
  4770 | D        | Killed an emperor scorpion
  4771 | D        | Noticed a jumping spider
  4775 | D        | Killed an emperor scorpion
  4775 | D        | Reached skill level 24 in Maces & Flails
  4779 | D        | Killed a jumping spider
  4782 | D        | Killed a ghost moth
  4788 | D        | Killed an emperor scorpion
  4792 | D        | Killed an emperor scorpion
  4792 | D        | Killed a wolf spider
  4792 | D        | Received a gift from Trog
  4794 | D        | Killed a demonic crawler
  4800 | D        | Received a gift from Trog
  4811 | D        | Noticed a redback
  4814 | D        | Got a gossamer rune of Zot
  4815 | D        | Killed a redback
  4913 | D        | Noticed a six-headed hydra
  4913 | D        | Noticed a swamp drake
  4913 | D        | Noticed a five-headed hydra
  4913 | D        | Noticed a swamp dragon
  4913 | D        | Noticed a swamp dragon
  4913 | D        | Noticed a swamp dragon
  4913 | D        | Noticed a swamp dragon
  4915 | D        | Killed a swamp dragon
  4916 | D        | Noticed a swamp dragon
  4920 | D        | Noticed a seven-headed hydra
  4920 | D        | Killed a swamp dragon
  4921 | D        | Noticed a four-headed hydra
  4922 | D        | Killed a swamp dragon
  4923 | D        | Noticed a swamp dragon
  4926 | D        | Killed a swamp dragon
  4928 | D        | Killed a five-headed hydra
  4928 | D        | Received a gift from Trog
  4930 | D        | Killed a swamp drake
  4932 | D        | Killed a six-headed hydra
  4933 | D        | Noticed a six-headed hydra
  4935 | D        | Noticed an eight-headed hydra
  4935 | D        | Killed a swamp dragon
  4937 | D        | Killed a seven-headed hydra
  4941 | D        | Killed a four-headed hydra
  4944 | D        | Killed a swamp dragon
  4947 | D        | Killed a six-headed hydra
  4950 | D        | Killed an eight-headed hydra
  4954 | D        | Received a gift from Trog
  4962 | D        | Received a gift from Trog
  5028 | D        | Got a decaying rune of Zot
  5058 | D        | Noticed Ilsuiw
  5058 | D        | Noticed a merfolk aquamancer
  5058 | D        | Noticed a merfolk
  5058 | D        | Noticed a merfolk
  5058 | D        | Noticed a siren
  5058 | D        | Noticed a merfolk javelineer
  5058 | D        | Noticed a siren
  5062 | D        | Noticed a merfolk impaler
  5062 | D        | Killed a siren
  5069 | D        | Killed a merfolk aquamancer
  5071 | D        | Killed Ilsuiw
  5074 | D        | Killed a merfolk javelineer
  5076 | D        | Noticed a merfolk
  5076 | D        | Killed a siren
  5078 | D        | Noticed a merfolk impaler
  5083 | D        | Noticed a merfolk impaler
  5088 | D        | Killed a merfolk impaler
  5090 | D        | Killed a merfolk impaler
  5090 | D        | Reached XP level 15. HP: 154/154 MP: 5/5
  5094 | D        | Killed a merfolk impaler
  5094 | D        | Reached skill level 25 in Maces & Flails
  5099 | D        | Killed a merfolk
  5101 | D        | Noticed a merfolk javelineer
  5101 | D        | Killed a merfolk
  5102 | D        | Noticed a merfolk impaler
  5105 | D        | Killed a merfolk
  5108 | D        | Killed a merfolk javelineer
  5108 | D        | Received a gift from Trog
  5113 | D        | Killed a merfolk impaler
  5116 | D        | Got a barnacled rune of Zot
  5124 | D        | Received a gift from Trog
  5148 | D        | Noticed Louise
  5157 | D        | Killed Louise
  5157 | D        | Received a gift from Trog
  5263 | D        | Noticed a vault guard
  5263 | D        | Noticed a vault guard
  5263 | D        | Noticed a vault guard
  5263 | D        | Noticed a vault guard
  5263 | D        | Noticed a vault guard
  5263 | D        | Noticed a vault guard
  5263 | D        | Noticed a vault guard
  5269 | D        | Killed a vault guard
  5271 | D        | Noticed a vault guard
  5274 | D        | Noticed a vault guard
  5275 | D        | Killed a vault guard
  5275 | D        | Reached skill level 5 in Shields
  5280 | D        | Killed a vault guard
  5281 | D        | Noticed a vault guard
  5284 | D        | Noticed a vault guard
  5288 | D        | Killed a vault guard
  5294 | D        | Killed a vault guard
  5295 | D        | Noticed a vault guard
  5300 | D        | Noticed a vault guard
  5309 | D        | Killed a vault guard
  5309 | D        | Reached skill level 10 in Shields
  5325 | D        | Killed a vault guard
  5325 | D        | Received a gift from Trog
  5334 | D        | Killed a vault guard
  5341 | D        | Killed a vault guard
  5347 | D        | Killed a vault guard
  5357 | D        | Killed a vault guard
  5358 | D        | Noticed a vault guard
  5359 | D        | Noticed a vault guard
  5361 | D        | Killed a vault guard
  5365 | D        | Noticed a vault guard
  5369 | D        | Killed a vault guard
  5374 | D        | Killed a vault guard
  5374 | D        | Received a gift from Trog
  5374 | D        | Reached skill level 15 in Shields
  5380 | D        | Noticed a vault guard
  5382 | D        | Killed a vault guard
  5388 | D        | Noticed a vault guard
  5388 | D        | Killed a vault guard
  5402 | D        | Killed a vault guard
  5406 | D        | Killed a vault guard
  5411 | D        | Received a gift from Trog
  5437 | D        | Noticed a vault guard
  5438 | D        | Noticed a vault guard
  5439 | D        | Noticed a vault guard
  5439 | D        | Noticed a vault guard
  5440 | D        | Noticed a vault guard
  5444 | D        | Noticed a vault guard
  5445 | D        | Killed a vault guard
  5449 | D        | Killed a vault guard
  5451 | D        | Noticed a vault guard
  5456 | D        | Killed a vault guard
  5464 | D        | Killed a vault guard
  5468 | D        | Killed a vault guard
  5468 | D        | Received a gift from Trog
  5472 | D        | Killed a vault guard
  5478 | D        | Killed a vault guard
  5521 | D        | Noticed an iron troll
  5521 | D        | Noticed a shadow dragon
  5521 | D        | Noticed a giant slug
  5521 | D        | Noticed an ettin
  5521 | D        | Noticed a yaktaur captain
  5521 | D        | Noticed a phantasmal warrior
  5521 | D        | Noticed an ironbrand convoker
  5524 | D        | Killed an ironbrand convoker
  5524 | D        | Received a gift from Trog
  5525 | D        | Noticed a redback
  5528 | D        | Killed a phantasmal warrior
  5532 | D        | Killed a yaktaur captain
  5535 | D        | Noticed a wolf spider
  5536 | D        | Killed an ettin
  5537 | D        | Noticed an ironbrand convoker
  5540 | D        | Killed a giant slug
  5541 | D        | Noticed a shadow dragon
  5547 | D        | Noticed an ironbrand convoker
  5551 | D        | Killed a shadow dragon
  5556 | D        | Killed an iron troll
  5557 | D        | Killed a redback
  5557 | D        | Received a gift from Trog
  5558 | D        | Killed a wolf spider
  5561 | D        | Killed an ironbrand convoker
  5562 | D        | Noticed a deep elf master archer
  5562 | D        | Noticed a vampire knight
  5564 | D        | Noticed a hell knight
  5575 | D        | Killed a deep elf master archer
  5579 | D        | Killed a vampire knight
  5631 | D        | Killed a shadow dragon
  5637 | D        | Killed a hell knight
  5639 | D        | Killed an ironbrand convoker
  5639 | D        | Received a gift from Trog
  5642 | D        | Got a faintly glowing copper ring
  5647 | D        | Identified the ring of Chepanke {rF+ MP+9 Dex+4} (You took it off a hell knight in the Dungeon)
  5710 | D        | Noticed a white draconian
  5775 | D        | Noticed a deep elf annihilator
  5776 | D        | Noticed an ironbrand convoker
  5781 | D        | Killed a white draconian
  5789 | D        | Killed a deep elf annihilator
  5791 | D        | Noticed a lich
  5791 | D        | Noticed a deep elf sorcerer
  5791 | D        | Noticed an orb of fire
  5791 | D        | Noticed a guardian mummy
  5791 | D        | Noticed a spriggan baker
  5795 | D        | Killed a spriggan baker
  5797 | D        | Killed a guardian mummy
  5799 | D        | Killed an ironbrand convoker
  5821 | D        | Killed a deep elf sorcerer
  5911 | D        | Killed a lich
  5911 | D        | Received a gift from Trog
  5911 | D        | Reached XP level 16. HP: 165/165 MP: 5/5
  6010 | D        | Gained mutation: You tend to lose your temper in combat. [an orb of fire]
  6023 | D        | Noticed an ancient lich
  6024 | D        | Killed an orb of fire
  6031 | D        | Paralysed by an ancient lich for 4 turns
  6044 | D        | Killed an ancient lich
  6044 | D        | Reached skill level 27 in Shields
  6201 | D        | Noticed a shadow dragon
  6204 | D        | Noticed a vault warden
  6217 | D        | Killed a shadow dragon
  6218 | D        | Noticed a frost giant
  6223 | D        | Killed a vault warden
  6232 | D        | Killed a frost giant
  6460 | D        | Noticed a tentacled monstrosity
  6460 | D        | Noticed a shadow dragon
  6460 | D        | Noticed a golden dragon
  6460 | D        | Noticed a shadow dragon
  6460 | D        | Noticed a titan
  6460 | D        | Noticed a shadow dragon
  6460 | D        | Noticed a vault warden
  6462 | D        | Noticed a shadow dragon
  6468 | D        | Killed a vault warden
  6468 | D        | Received a gift from Trog
  6469 | D        | Noticed a stone giant
  6476 | D        | Killed a shadow dragon
  6484 | D        | Killed a titan
  6491 | D        | Killed a shadow dragon
  6495 | D        | Received a gift from Trog
  6500 | D        | Killed a golden dragon
  6510 | D        | Killed a shadow dragon
  6510 | D        | Received a gift from Trog
  6519 | D        | Killed a tentacled monstrosity
  6583 | D        | Killed a shadow dragon
  6588 | D        | Killed a stone giant
  6744 | D        | Got a silver rune of Zot
  6754 | D        | Noticed Jory
  6776 | D        | Killed Jory
  6968 | D        | Killed a greater naga
  7120 | D        | Got the ring of Ghomnou {Contam +Blink SInv Stlth++}
  7122 | D        | Got the ring of Symmetry {Str+4 Int+3}
  7124 | D        | Got the ring "Xuewo" {Hunger- rC+}
  7126 | D        | Got the ring "Zetypiro" {rPois rF+}
  7128 | D        | Got the amulet "Bycuaq" {Contam +Rage}
  7259 | D        | Noticed Frederick
  7259 | D        | Noticed Xtahua
  7259 | D        | Noticed Boris
  7274 | D        | Killed Frederick
  7275 | D        | Noticed Margery
  7275 | D        | Noticed a necromancer
  7275 | D        | Noticed a hell knight
  7281 | D        | Noticed Mennas
  7283 | D        | Killed Boris
  7283 | D        | Received a gift from Trog
  7283 | D        | Reached skill level 27 in Maces & Flails
  7289 | D        | Killed Xtahua
  7297 | D        | Killed Margery
  7297 | D        | Reached XP level 17. HP: 179/179 MP: 5/5
  7299 | D        | Killed a hell knight
  7299 | D        | Received a gift from Trog
  7302 | D        | Killed a necromancer
  7302 | D        | Reached skill level 27 in Fighting
  7314 | D        | Reached skill level 27 in Armour
  7356 | D        | Killed Mennas
  7506 | D        | Noticed a stone giant
  7506 | D        | Noticed a hill giant
  7506 | D        | Noticed an ettin
  7506 | D        | Noticed a phantasmal warrior
  7506 | D        | Noticed a frost giant
  7506 | D        | Noticed a yaktaur captain
  7506 | D        | Noticed a fire giant
  7506 | D        | a hill giant changed into a wolf spider
  7512 | D        | Killed a fire giant
  7512 | D        | Received a gift from Trog
  7513 | D        | Killed a phantasmal warrior
  7517 | D        | Noticed a stone giant
  7517 | D        | Killed a yaktaur captain
  7520 | D        | Killed a frost giant
  7521 | D        | Noticed a tengu reaver
  7525 | D        | Killed an ettin
  7528 | D        | Received a gift from Trog
  7533 | D        | Killed a stone giant
  7538 | D        | Killed a stone giant
  7548 | D        | Killed a tengu reaver
  7585 | D        | Noticed a white draconian
  7585 | D        | Noticed a mottled draconian
  7585 | D        | Noticed a mottled draconian
  7585 | D        | Noticed an ice dragon
  7585 | D        | Noticed an ice dragon
  7585 | D        | Noticed an ice dragon
  7585 | D        | Noticed a grey draconian
  7596 | D        | Noticed a red draconian
  7596 | D        | Killed a grey draconian
  7597 | D        | Noticed a purple draconian
  7601 | D        | Killed an ice dragon
  7608 | D        | Killed an ice dragon
  7608 | D        | Received a gift from Trog
  7609 | D        | Noticed a black draconian
  7613 | D        | Killed an ice dragon
  7614 | D        | Noticed a white draconian
  7627 | D        | Killed a mottled draconian
  7632 | D        | Killed a mottled draconian
  7632 | D        | Reached skill level 27 in Dodging
  7638 | D        | Killed a white draconian
  7638 | D        | Reached skill level 5 in Evocations
  7650 | D        | Killed a red draconian
  7650 | D        | Received a gift from Trog
  7656 | D        | Killed a purple draconian
  7666 | D        | Killed a black draconian
  7672 | D        | Killed a white draconian
  7684 | D        | Received a gift from Trog
  7755 | D        | Got a twisted morningstar {god gift}
  7756 | D        | Identified the +5,+5 morningstar "Dragon's Undoing" {speed, +Blink Dex+3 Curse} (Trog gifted it to you in the Dungeon)
  7756 | D        | Identified the +5,+5 morningstar "Dragon's Undoing" {speed, +Blink Dex+3 Curse} (Trog gifted it to you in the Dungeon)
  7787 | D        | Noticed a green draconian
  7787 | D        | Noticed a dragon
  7787 | D        | Noticed a storm dragon
  7787 | D        | Noticed an electric golem
  7787 | D        | Noticed a moth of wrath
  7787 | D        | Noticed a mottled draconian knight
  7787 | D        | Noticed a moth of wrath
  7793 | D        | Killed a moth of wrath
  7798 | D        | Killed an electric golem
  7806 | D        | Killed a mottled draconian knight
  7810 | D        | Killed a moth of wrath
  7810 | D        | Received a gift from Trog
  7814 | D        | Killed a storm dragon
  7820 | D        | Killed a dragon
  7824 | D        | Killed a green draconian
  7847 | D        | Noticed a green draconian shifter
  7847 | D        | Noticed a moth of wrath
  7847 | D        | Noticed a black draconian
  7847 | D        | Noticed a bone dragon
  7847 | D        | Noticed a red draconian
  7847 | D        | Noticed a tentacled monstrosity
  7847 | D        | Noticed a green draconian scorcher
  7849 | D        | Noticed a dragon
  7850 | D        | Killed a green draconian scorcher
  7857 | D        | Killed a tentacled monstrosity
  7857 | D        | Received a gift from Trog
  7857 | D        | Reached skill level 15 in Evocations
  7866 | D        | Killed a red draconian
  7879 | D        | Killed a bone dragon
  7882 | D        | Killed a moth of wrath
  7889 | D        | Killed a black draconian
  7902 | D        | Killed a green draconian shifter
  7912 | D        | Killed a dragon
  7927 | D        | Noticed a green draconian annihilator
  7927 | D        | Noticed a red draconian
  7927 | D        | Noticed a pale draconian
  7927 | D        | Noticed a tentacled monstrosity
  7927 | D        | Noticed a white draconian
  7927 | D        | Noticed a tentacled monstrosity
  7927 | D        | Noticed a red draconian
  7928 | D        | Noticed a white draconian annihilator
  7934 | D        | Killed a red draconian
  7934 | D        | Received a gift from Trog
  7935 | D        | Noticed a storm dragon
  7940 | D        | Killed a tentacled monstrosity
  7945 | D        | Killed a white draconian
  7950 | D        | Killed a tentacled monstrosity
  7952 | D        | Killed a white draconian annihilator
  7955 | D        | Killed a pale draconian
  7965 | D        | Killed a red draconian
  7974 | D        | Killed a green draconian annihilator
  7974 | D        | Reached XP level 18. HP: 135/189 MP: 35/35
  7988 | D        | Killed a storm dragon
  7998 | D        | Received a gift from Trog
  9476 | D        | Fell from the grace of Trog
  9476 | D        | Became a worshipper of the Shining One
 10897 | D        | Noticed a black draconian annihilator
 10897 | D        | Noticed a moth of wrath
 10897 | D        | Noticed a storm dragon
 10897 | D        | Noticed a purple draconian
 10897 | D        | Acquired the Shining One's first power
 10897 | D        | Noticed a red draconian annihilator
 10897 | D        | Noticed a yellow draconian knight
 10897 | D        | Noticed a green draconian knight
 10898 | D        | Noticed a dragon
 10902 | D        | Killed a green draconian knight
 10902 | D        | Acquired the Shining One's second power
 10903 | D        | Noticed a golden dragon
 10911 | D        | Killed a yellow draconian knight
 10914 | D        | Killed a red draconian annihilator
 10921 | D        | Killed a purple draconian
 10929 | D        | Killed a storm dragon
 10931 | D        | Killed a moth of wrath
 10935 | D        | Killed a black draconian annihilator
 10941 | D        | Killed a dragon
 10948 | D        | Killed a golden dragon
 11239 | D        | Noticed an Orb Guardian
 11239 | D        | Noticed an Orb Guardian
 11239 | D        | Noticed an Orb Guardian
 11239 | D        | Noticed an Orb Guardian
 11239 | D        | Noticed an Orb Guardian
 11239 | D        | Noticed an Orb Guardian
 11239 | D        | Noticed an Orb Guardian
 11242 | D        | Killed an Orb Guardian
 11243 | D        | Noticed an Orb Guardian
 11243 | D        | Acquired the Shining One's third power
 11246 | D        | Killed an Orb Guardian
 11247 | D        | Noticed an Orb Guardian
 11254 | D        | Killed an Orb Guardian
 11255 | D        | Noticed an Orb Guardian
 11260 | D        | Killed an Orb Guardian
 11265 | D        | Killed an Orb Guardian
 11269 | D        | Killed an Orb Guardian
 11274 | D        | Killed an Orb Guardian
 11279 | D        | Killed an Orb Guardian
 11283 | D        | Killed an Orb Guardian
 11283 | D        | Reached skill level 27 in Evocations
 11291 | D        | Killed an Orb Guardian
 11297 | D        | Noticed an Orb Guardian
 11297 | D        | Noticed a moth of wrath
 11297 | D        | Noticed a green draconian
 11297 | D        | Noticed an Orb Guardian
 11297 | D        | Acquired the Shining One's fourth power
 11297 | D        | Noticed an Orb Guardian
 11297 | D        | Noticed a tentacled monstrosity
 11297 | D        | Noticed a moth of wrath
 11298 | D        | Killed a moth of wrath
 11299 | D        | Noticed an Orb Guardian
 11304 | D        | Killed a tentacled monstrosity
 11313 | D        | Killed an Orb Guardian
 11313 | D        | Reached skill level 10 in Invocations
 11315 | D        | Killed an Orb Guardian
 11323 | D        | Killed a green draconian
 11325 | D        | Killed a moth of wrath
 11330 | D        | Killed an Orb Guardian
 11335 | D        | Killed an Orb Guardian
 11387 | D        | Noticed an ancient lich
 11393 | D        | Killed an ancient lich
 11407 | D        | Noticed an electric golem
 11417 | D        | Killed an electric golem
 11420 | D        | Noticed a shadow dragon
 11420 | D        | Noticed an orb of fire
 11420 | D        | Noticed an electric golem
 11420 | D        | Noticed an electric golem
 11420 | D        | Noticed an electric golem
 11420 | D        | Noticed a moth of wrath
 11420 | D        | Noticed a Killer Klown
 11428 | D        | Killed a Killer Klown
 11431 | D        | Noticed an orb of fire
 11432 | D        | Killed a moth of wrath
 11435 | D        | Noticed a storm dragon
 11439 | D        | Killed an electric golem
 11444 | D        | Killed an electric golem
 11444 | D        | Reached XP level 19. HP: 190/199 MP: 39/39
 11445 | D        | Noticed an ancient lich
 11448 | D        | Noticed a storm dragon
 11452 | D        | Killed an electric golem
 11461 | D        | Noticed an orb of fire
 11462 | D        | Killed an orb of fire
 11464 | D        | Noticed an orb of fire
 11473 | D        | Killed a shadow dragon
 11473 | D        | Gained mutation: You have a somewhat thin skeletal structure (Dex +2, Stlth). [an orb of fire]
 13257 | D        | Identified a +9,+8 Blessed Scourge (a +9,+8 demon whip blessed by the Shining One)
 14722 | D        | Gained mutation: Armour fits poorly on your strangely shaped body. [an orb of fire]
 14752 | D        | Killed an orb of fire
 14799 | D        | Killed a storm dragon
 14922 | D        | Killed an ancient lich
 14932 | D        | Killed a storm dragon
 14937 | D        | Gained mutation: You are weak. (Str -2) [an orb of fire]
 14944 | D        | Killed an orb of fire
 14944 | D        | Reached skill level 27 in Invocations
 14968 | D        | Gained mutation: You have a pair of large horns on your head. [an orb of fire]
 14975 | D        | Killed an orb of fire
 15109 | D        | Lost mutation: You have a somewhat thin skeletal structure (Dex +2, Stlth). [potion of cure mutation]
 15109 | D        | Lost mutation: You have a pair of large horns on your head. [potion of cure mutation]
 15109 | D        | Lost mutation: You are weak. (Str -2) [potion of cure mutation]
 15109 | D        | Lost mutation: You tend to lose your temper in combat. [potion of cure mutation]
 15138 | D        | Noticed a moth of wrath
 15138 | D        | Noticed an Orb Guardian
 15138 | D        | Noticed an Orb Guardian
 15138 | D        | Noticed an Orb Guardian
 15138 | D        | Noticed an Orb Guardian
 15138 | D        | Noticed an Orb Guardian
 15138 | D        | Noticed an Orb Guardian
 15142 | D        | Killed an Orb Guardian
 15142 | D        | Reached skill level 10 in Spellcasting
 15150 | D        | Killed an Orb Guardian
 15155 | D        | Killed an Orb Guardian
 15161 | D        | Killed an Orb Guardian
 15173 | D        | Killed an Orb Guardian
 15183 | D        | Killed an Orb Guardian
 15185 | D        | Killed a moth of wrath
 15186 | D        | Noticed an Orb Guardian
 15187 | D        | Noticed an Orb Guardian
 15188 | D        | Noticed an Orb Guardian
 15189 | D        | Noticed an Orb Guardian
 15192 | D        | Killed an Orb Guardian
 15198 | D        | Killed an Orb Guardian
 15205 | D        | Killed an Orb Guardian
 15214 | D        | Killed an Orb Guardian
 15214 | D        | Reached skill level 15 in Spellcasting
 15215 | D        | Noticed an Orb Guardian
 15216 | D        | Noticed a moth of wrath
 15217 | D        | Noticed an Orb Guardian
 15223 | D        | Killed an Orb Guardian
 15227 | D        | Killed a moth of wrath
 15235 | D        | Killed an Orb Guardian
 15455 | D        | Noticed a vampire knight
 15455 | D        | Noticed a vampire knight
 15455 | D        | Noticed a vampire knight
 15455 | D        | Noticed a vampire knight
 15455 | D        | Noticed an ancient lich
 15455 | D        | Noticed a lich
 15456 | D        | Noticed a vampire knight
 15457 | D        | Noticed a vampire knight
 15460 | D        | Killed an ancient lich
 15460 | D        | Reached XP level 20. HP: 209/209 MP: 39/39
 15463 | D        | Killed a vampire knight
 15464 | D        | Noticed a vampire knight
 15465 | D        | Killed a lich
 15471 | D        | Killed a vampire knight
 15474 | D        | Noticed a lich
 15475 | D        | Killed a vampire knight
 15477 | D        | Killed a vampire knight
 15481 | D        | Killed a vampire knight
 15488 | D        | Killed a vampire knight
 15491 | D        | Killed a lich
 15494 | D        | Killed a vampire knight
 15508 | D        | Noticed a spriggan baker
 15508 | D        | Noticed a spriggan baker
 15508 | D        | Noticed a spriggan baker
 15508 | D        | Noticed a spriggan baker
 15508 | D        | Noticed a spriggan baker
 15508 | D        | Noticed a spriggan baker
 15508 | D        | Noticed a spriggan baker
 15510 | D        | Killed a spriggan baker
 15512 | D        | Killed a spriggan baker
 15514 | D        | Killed a spriggan baker
 15515 | D        | Noticed a spriggan baker
 15517 | D        | Killed a spriggan baker
 15518 | D        | Noticed a spriggan baker
 15518 | D        | Killed a spriggan baker
 15520 | D        | Killed a spriggan baker
 15522 | D        | Killed a spriggan baker
 15523 | D        | Killed a spriggan baker
 15524 | D        | Noticed a spriggan baker
 15525 | D        | Killed a spriggan baker
 15529 | D        | Killed a spriggan baker
 15540 | D        | Noticed a deep elf blademaster
 15540 | D        | Noticed a deep elf blademaster
 15540 | D        | Noticed a deep elf death mage
 15540 | D        | Noticed a deep elf high priest
 15540 | D        | Noticed a deep elf annihilator
 15540 | D        | Noticed a deep elf high priest
 15541 | D        | Noticed a deep elf high priest
 15544 | D        | Noticed a deep elf high priest
 15545 | D        | Killed a deep elf annihilator
 15557 | D        | Killed a deep elf blademaster
 15568 | D        | Killed a deep elf blademaster
 15571 | D        | Noticed a deep elf demonologist
 15575 | D        | Noticed a deep elf annihilator
 15579 | D        | Killed a deep elf death mage
 15580 | D        | Noticed a deep elf master archer
 15584 | D        | Killed a deep elf high priest
 15589 | D        | Killed a deep elf high priest
 15594 | D        | Killed a deep elf high priest
 15598 | D        | Killed a deep elf high priest
 15604 | D        | Killed a deep elf demonologist
 15614 | D        | Killed a deep elf master archer
 15622 | D        | Killed a deep elf annihilator
 15761 | D        | Noticed an acid blob
 15761 | D        | Noticed an acid blob
 15761 | D        | Noticed an acid blob
 15761 | D        | Noticed a death ooze
 15761 | D        | Noticed an acid blob
 15761 | D        | Noticed a golden eye
 15761 | D        | Noticed a death ooze
 15765 | D        | Killed a death ooze
 15766 | D        | Killed a golden eye
 15767 | D        | Noticed an azure jelly
 15773 | D        | Killed an acid blob
 15774 | D        | Noticed an acid blob
 15777 | D        | Killed an acid blob
 15781 | D        | Killed an acid blob
 15787 | D        | Killed an acid blob
 15792 | D        | Killed an acid blob
 15796 | D        | Killed an azure jelly
 15797 | D        | Killed a death ooze
 15798 | D        | Noticed the royal jelly
 15799 | D        | Noticed a death ooze
 15800 | D        | Noticed a golden eye
 15810 | D        | Noticed a death ooze
 15811 | D        | Noticed an azure jelly
 15813 | D        | Noticed a death ooze
 15820 | D        | Killed the royal jelly
 15843 | D        | Killed an azure jelly
 15845 | D        | Killed a death ooze
 15849 | D        | Killed a death ooze
 15851 | D        | Killed a death ooze
 15857 | D        | Killed a golden eye
 15865 | D        | Noticed a death ooze
 15865 | D        | Paralysed by a giant eyeball for 4 turns
 15869 | D        | Noticed an azure jelly
 15870 | D        | Noticed an azure jelly
 15875 | D        | Killed a death ooze
 15879 | D        | Killed an azure jelly
 15882 | D        | Killed an azure jelly
 15888 | D        | Got a slimy rune of Zot
 16093 | D        | Noticed a sphinx
 16093 | D        | Noticed a sphinx
 16093 | D        | Noticed a sphinx
 16093 | D        | Noticed a sphinx
 16093 | D        | Noticed a sphinx
 16093 | D        | Noticed a sphinx
 16093 | D        | Noticed a sphinx
 16098 | D        | Killed a sphinx
 16102 | D        | Killed a sphinx
 16103 | D        | Noticed a sphinx
 16104 | D        | Paralysed by a sphinx for 6 turns
 16108 | D        | Noticed a sphinx
 16110 | D        | Killed from afar by a sphinx

Action                   |  1- 3 |  4- 6 |  7- 9 | 10-12 | 13-15 | 16-18 | 19-21 || total
-------------------------+-------+-------+-------+-------+-------+-------+-------++-------
Melee: Mace              |    18 |       |       |       |       |       |       ||    18
       Dire flail        |     2 |    10 |    14 |       |       |       |       ||    26
       Flail             |       |       |    40 |       |       |       |       ||    40
       Eveningstar       |       |       |    13 |    76 |       |       |       ||    89
       Great mace        |       |       |       |   199 |   186 |       |       ||   385
       Unarmed           |       |       |       |     4 |       |       |       ||     4
       Demon whip        |       |       |       |       |   236 |   472 |       ||   708
       Morningstar       |       |       |       |       |       |   198 |    43 ||   241
       Sacred scourge    |       |       |       |       |       |       |   370 ||   370
Invok: Berserk           |     2 |       |     3 |    12 |     9 |     7 |       ||    33
       Brothers in Arms  |       |     2 |       |     4 |    18 |     5 |       ||    29
       Trog's Hand       |       |       |       |       |     1 |       |       ||     1
       Burn Spellbooks   |       |       |       |       |       |     1 |       ||     1
       Divine Shield     |       |       |       |       |       |     1 |     1 ||     2
       Cleansing Flame   |       |       |       |       |       |       |    10 ||    10
Evoke: Wand              |       |       |       |       |       |     1 |       ||     1
  Use: Potion            |       |       |       |     2 |     4 |    11 |     5 ||    22
       Scroll            |       |       |       |     2 |    11 |    13 |     2 ||    28
 Stab: Invisible         |       |       |       |       |     4 |       |       ||     4
       Fleeing           |       |       |       |       |       |     2 |       ||     2
